 Dungeon Crawl Stone Soup version 0.25-a0-571-gb5e01bddfa (webtiles) character file.

Game seed: 4220189434470536969, levelgen mode: deterministic

46 Flugslaktarn the Shield-Bearer (level 3, 31/34 HPs)
             Began as a Deep Dwarf Fighter on Feb 29, 2020.
             Quit the game on level 3 of the Dungeon.
             The game lasted 00:00:41 (530 turns).

Flugslaktarn the Shield-Bearer (Deep Dwarf Fighter)  Turns: 530, Time: 00:00:42

Health: 31/34      AC: 10    Str: 20    XL:     3   Next: 46%
Magic:  3/3        EV:  5    Int:  8    God:
Gold:   34         SH:  9    Dex: 12    Spells: 2/2 levels left

rFire    . . .     SeeInvis .   a - +0 war axe
rCold    . . .     Gourm    .   c - +0 kite shield
rNeg     . . .     Faith    .   n - +0 chain mail
rPois    .         Spirit   .   (no helmet)
rElec    .         Reflect  .   (no cloak)
rCorr    .         Harm     .   m - +0 pair of gloves
MR       .....                  (no boots)
Stlth    ..........             (no amulet)
HPRegen  0.00/turn              (no ring)
MPRegen  0.08/turn              (no ring)

@: non-regenerating, very slow
A: damage resistance, heal wounds, sense surroundings 1, no regeneration
a: Heal Wounds


You were on level 3 of the Dungeon.
You were not hungry.

You visited 1 branch of the dungeon, and saw 3 of its levels.

You collected 34 gold pieces.

Inventory:

Hand Weapons
 a - a +0 war axe (weapon)
Armour
 b - a +0 scale mail
 c - a +0 kite shield (worn)
 m - a +0 pair of gloves (worn)
   (You found it on level 3 of the Dungeon)
 n - a +0 chain mail (worn)
   (You found it on level 3 of the Dungeon)
Jewellery
 h - a cursed amulet of rage {unknown}
   (You found it on level 1 of the Dungeon)
Scrolls
 f - 2 scrolls of identify {unknown}
 g - a scroll of enchant armour {unknown}
 j - a scroll of remove curse {unknown}
 k - a scroll of random uselessness {unknown}
 l - a scroll of enchant weapon {unknown}
Potions
 d - a potion of might
Comestibles
 e - 2 rations
 i - 8 chunks of flesh


   Skills:
 + Level 3.0 Fighting
 * Level 3.2 Axes
 + Level 3.7 Armour
 + Level 3.7 Shields


You had 2 spell levels left.
You didn't know any spells.
Your spell library was empty.

Dungeon Overview and Level Annotations

Branches:
Dungeon (3/15)

Altars:
Dithmenos
The Shining One

Portals:
Sewer: D:3


Innate Abilities, Weirdness & Mutations

You are resistant to damage.
You can heal yourself by infusing magical energy.
You passively map a small area around you.
You do not regenerate.


Message History

No target in view!
There is a stone staircase leading down here.
You can't go up here!
Unknown command.
You butcher the quokka corpse.
i - 5 chunks of flesh (gained 2)
You see here a quokka skeleton. x2
You butcher the adder corpse.
i - 7 chunks of flesh (gained 2)
You butcher the jackal corpse.
i - 8 chunks of flesh (gained 1)
Things that are here:
an adder skeleton; a jackal skeleton
Things that are here:
an adder skeleton; a jackal skeleton
Found a glowing drain.
Found a stone staircase leading up.
You enter the shallow water.
Moving in this stuff is going to be slow.
Are you sure you want to abandon this character and quit the game? (Confirm with "yes".)

,> * , * , , ,, , * , *
### , ,... ######..., ,
..# #∩≈≈≈≈.# *
..*#≈≈≈≈≈### #.
#@≈≈≈.....,, *
#.##≈≈...........
#..#............. *
#...............,
##...............
#.............>.. **
#..#............. #.#
........##............*#.#
<......###....>......# #.#


There were no monsters in sight!

Vanquished Creatures
  2 adders
  2 giant cockroaches
  2 goblins
  2 hobgoblins (D:2)
  4 jackals (D:3)
  3 kobolds
  A quokka (D:3)
  6 bats
  5 rats
27 creatures vanquished.

Notes
Turn   | Place    | Note
-------+----------+-------------------------------------------
     0 | D:1      | Flugslaktarn the Deep Dwarf Fighter began the quest for the
                  | Orb.
     0 | D:1      | Reached XP level 1. HP: 20/20 MP: 1/1
   159 | D:2      | Reached XP level 2. HP: 24/27 MP: 2/2
   217 | D:2      | Found a shadowy altar of Dithmenos.
   297 | D:2      | Found a glowing golden altar of the Shining One.
   441 | D:3      | Reached XP level 3. HP: 33/33 MP: 3/3
   522 | D:3      | Found a glowing drain.
   530 | D:3      | Quit the game

Levels and vault maps discovered:
D:1:      lightli_arrival_noodles, layout_rooms, minmay_tetromino_t2
D:2:      minmay_skewed_foursquare, layout_basic, lemuel_round_altar,
          nemelex_altar_shiori, grunt_dithmenos_smoke, minmay_misc_feat_chi,
          yredelemnul_altar_generic, uniq_sigmund
D:3:      layout_rooms, nicolae_overflow_crystal_walls, portal_sewer_entry_b,
          minmay_misc_feat_rugged, hex_large

Skill      XL: |  1  2  3 |
---------------+----------+-----
Axes           | 3 |  3.2
Fighting       | 3 |  3.0
Armour         | |  3.7
Shields        | |  3.7

Action                   || total
-------------------------++-------
Melee: War axe           ||    95
 Abil: Heal Wounds       ||     1
Armor: Scale mail        ||    50
       Chain mail        ||    27
Dodge: Dodged            ||    46
Block: Kite shield       ||    67

Table legend:
 A = Non-vault XP
 B = Vault XP
 C = Vault XP percentage of total XP
 D = Non-vault monster count
 E = Vault monster count
 F = Vault count percentage of total count
                 A         B        C        D         E       F
            +---------+---------+-------+---------+---------+-------
      Total |      38 |      29 |  43.3 |      23 |       4 |  14.8
            +---------+---------+-------+---------+---------+-------
        D:1 |       5 |       1 |  16.7 |       3 |       1 |  25.0
        D:2 |      15 |      14 |  48.3 |       8 |       1 |  11.1
        D:3 |      18 |      14 |  43.8 |      12 |       2 |  14.3
            +---------+---------+-------+---------+---------+-------
